 Dungeon Crawl Stone Soup version 0.30-a0-956-gcec3b41aec (webtiles) character file.

Game seed: 2281802348963841578

55 lesbiats the Trooper (level 3, -6/40 HPs)
             Began as an Ogre Fighter on Mar 30, 2023.
             Killed by divine providence
             ... invoked by an orc priest
              (15 damage)
             ... on level 3 of the Dungeon.
             The game lasted 00:03:22 (1514 turns).

lesbiats the Trooper (Ogre Fighter)                 Turns: 1514, Time: 00:03:22

Health: -6/40      AC:  3    Str: 22    XL:     3   Next: 93%
Magic:  3/3        EV:  8    Int:  9    God:
Gold:   237        SH:  7    Dex:  8    Spells: 2/2 levels left

rFire   . . .      SeeInvis .    a - +0 flail
rCold   . . .      Faith    .    c - +0 kite shield
rNeg    . . .      Spirit   .    b - +0 robe
rPois   .          Reflect  .    (helmet restricted)
rElec   .          Rampage  .    (no cloak)
rCorr   .                        (gloves unavailable)
Will    .....                    (boots unavailable)
Stlth   +                        (no amulet)
HPRegen 0.26/turn                (no ring)
MPRegen 0.08/turn                (no ring)

@: no status effects
A: large, unfitting armour, tough skin 1
a: no special abilities


You were on level 3 of the Dungeon.
You visited 1 branch of the dungeon, and saw 3 of its levels.

You collected 237 gold pieces.

Inventory:

Hand Weapons
 a - a +0 flail (weapon)
Armour
 b - a +0 robe (worn)
 c - a +0 kite shield (worn)
Scrolls
 f - a scroll of magic mapping {unknown}
 g - 3 scrolls of identify {unknown}
 j - a scroll of vulnerability {unknown}
Potions
 d - a potion of might
 e - 3 potions of curing {unknown}
 h - a potion of mutation {unknown}
 i - a potion of haste {unknown}


   Skills:
 + Level 4.6 Fighting
 * Level 2.9 Maces & Flails
 + Level 3.1 Dodging
 - Level 3.0 Shields


You had 2 spell levels left.
You didn't know any spells.
Your spell library contained the following spells:

 Spells                   Type           Power      Damage    Failure   Level
 Magic Dart               Conj           0%         1d3       67%         1
 Necrotise                Necr           0%         1d4       67%         1
 Call Imp                 Summ           0%         N/A       82%         2
 Frozen Ramparts          Ice            0%         1d1       96%         3
 Mephitic Cloud           Conj/Pois/Air  0%         N/A       96%         3
 Vampiric Draining        Necr           0%         2d6       96%         3
 Ice Form                 Ice/Tmut       0%         N/A       100%        4
 Summon Ice Beast         Ice/Summ       0%         N/A       100%        4
 Agony                    Necr           0%         N/A       100%        5


Dungeon Overview and Level Annotations

Branches:
Dungeon (3/15)

Altars:


Innate Abilities, Weirdness & Mutations

You are too large for most types of armour.
You have tough skin. (AC +1)


Message History

The orc hits you with a +0 dagger.
You hit the orc.
The orc is moderately wounded.
The orc barely misses you.
The orc priest invokes the aid of Beogh against you.
Beogh smites you! You block the orc's attack.
You sock the orc!
You kill the orc!
The orc hits you with a +0 dagger. x2; You block the orc priest's attack.
You are too injured to fight recklessly!
You are too injured to fight recklessly!
You hit the orc priest but do no damage.
You block the orc priest's attack. You block the orc's attack.
You closely miss the orc priest. You block the orc's attack.
The orc priest misses you.
You completely miss the orc priest. The orc priest barely misses you.
You block the orc's attack. The orc hits you but does no damage.
The orc priest hits you with a +0 war axe.
You barely miss the orc. The orc barely misses you.
You block the orc priest's attack.
You sock the orc!
You kill the orc!
The orc priest barely misses you.
The orc priest calls down the wrath of Beogh upon you.
You barely resist. You barely miss the orc priest.
You block the orc priest's attack.
You closely miss the orc priest.
The orc priest hits you with a +0 war axe.
You closely miss the orc priest.
The orc priest hits you with a +0 war axe!
* * * LOW HITPOINT WARNING * * *
You block the orc priest's attack.
You hit the orc priest.
The orc priest is lightly wounded.
You block the orc priest's attack.
You closely miss the orc priest.
The orc priest is lightly wounded.
The orc priest invokes the aid of Beogh against you.
Beogh smites you!
You die...

# #.#... . #.#..
#.#..#### # #.#.#
#.#.....# # #....
#.##.##.###
#...#######.##.#.....
####.........#.##.#.....
##..........[.#.##.......
.......o..†........#.####
#?...))@.........##.# #
#.....#....#...####.####
#.....#.....>...........
#.....####.#...####.####
.<..... ...#...# #.# #
####### #####.#.# #.#
..#.# #.# ####.# #.# #.#


You could see an orc priest.

Vanquished Creatures
  An adder (D:1)
  A dart slug (D:1)
  3 orcs (D:3)
  3 bats
  4 endoplasms
  A hobgoblin (D:1)
  2 jackals (D:1)
  4 quokkas
  6 ball pythons
  A frilled lizard (D:2)
  2 goblins
  6 kobolds (D:1)
  3 rats (D:1)
  A toadstool (D:1)
38 creatures vanquished.

Vanquished Creatures (others)
  4 fungi (D:1)
  4 toadstools (D:1)
8 creatures vanquished.

Grand Total: 46 creatures vanquished

Notes
Turn   | Place    | Note
-------+----------+-------------------------------------------
     0 | D:1      | lesbiats the Ogre Fighter began the quest for the Orb.
     0 | D:1      | Reached XP level 1. HP: 24/24 MP: 1/1
   139 | D:1      | Reached XP level 2. HP: 30/32 MP: 2/2
   726 | D:1      | Reached XP level 3. HP: 40/40 MP: 3/3
  1413 | D:2      | Found Gikhla Uvoaps's Assorted Antiques.
  1514 | D:3      | Killed from afar by an orc priest

Illustrated notes

Levels and vault maps discovered:
D:1:      ncdulo_lavacross, layout_loops_ring, minmay_gold_behind_fungi
D:2:      layout_basic, serial_shops, shop
D:3:      layout_basic, ebering_ghost_inner_flame

Skill      XL: |  1  2  3 |
---------------+----------+-----
Maces & Flails | 2 |  2.9
Dodging        | 3 |  3.1
Fighting       | |  4.6
Shields        | |  3.0

Action                     || total
---------------------------++-------
  Melee: Flail             ||   144
 Armour: Robe              ||    40
  Dodge: Dodged            ||    73
  Block: Kite shield       ||    82

Table legend: (Time is in decaauts)
 A = Elapsed time spent in this place.
 B = Non-inter-level travel time spent in this place.
 C = Inter-level travel time spent in this place.
 D = Time resting spent in this place.
 E = Time spent auto-exploring this place.
 F = Levels seen in this place.
 G = Mean time per level.
                   A        B        C        D        E       F      G
               +--------+--------+--------+--------+--------+-----+--------+
         Total |   1578 |   1522 |     56 |    156 |    912 |   3 |  526.0 |
       Dungeon |   1578 |   1522 |     56 |    156 |    912 |   3 |  526.0 |
               +--------+--------+--------+--------+--------+-----+--------+

Top non-repeatable levels by time:
     D:1: 1042 daAuts
     D:2: 469 daAuts
     D:3: 66 daAuts
